 Dungeon Crawl Stone Soup version 0.27.1-3-gb3d3a73c9e (webtiles) character file.

Game seed: 3168576265044398309

422 horus123 the Firebug (level 6, -17/37 HPs)
             Began as a Demonspawn Fire Elementalist on Oct 17, 2021.
             Was a Believer of Hepliaklqana.
             Demolished by an orc warrior (18 damage)
             ... on level 7 of the Dungeon.
             The game lasted 00:08:36 (3906 turns).

horus123 the Firebug (Demonspawn Fire Elementalist) Turns: 3906, Time: 00:08:37

Health: -17/37     AC:  6    Str:  8    XL:     6   Next: 63%
Magic:  8/11       EV: 12    Int: 19    God:    Hepliaklqana [**....]
Gold:   116        SH:  0    Dex: 13    Spells: 8/12 levels left

rFire    . . .     SeeInvis .   (no weapon)
rCold    . . .     Faith    .   (no shield)
rNeg     . . .     Spirit   .   a - +2 robe
rPois    .         Reflect  .   (no helmet)
rElec    .         Harm     .   (no cloak)
rCorr    .         Rampage  .   (no gloves)
Will     .....                  (no boots)
Stlth    ++........             (no amulet)
HPRegen  0.12/turn              (no ring)
MPRegen  0.12/turn              (no ring)

@: very slightly contaminated
A: reduced essence, icy blue scales 1, foul stench 1, spiny 1
a: Renounce Religion, Recall Ancestor, Ancestor Identity


You were on level 7 of the Dungeon.
You worshipped Hepliaklqana.
Hepliaklqana was pleased with you.
You visited 1 branch of the dungeon, and saw 5 of its levels.

You collected 116 gold pieces.

Inventory:

Hand Weapons
 b - a +1 hand crossbow
Armour
 a - a +2 robe (worn)
Scrolls
 c - a scroll of teleportation
 f - a scroll of immolation
 i - 2 scrolls of identify
Potions
 d - 2 potions of curing
 e - a potion of heal wounds {unknown}
 g - a potion of resistance
 h - 2 potions of brilliance


   Skills:
 + Level 0.5 Fighting
 + Level 3.0 Dodging
 + Level 2.8 Stealth
 + Level 0.4 Unarmed Combat
 + Level 3.5 Spellcasting
 + Level 2.5 Conjurations
 + Level 2.1 Hexes
 + Level 3.8 Fire Magic


You had 8 spell levels left.
You knew the following spells:

 Your Spells              Type           Power      Damage    Failure   Level
a - Foxfire               Conj/Fire      60%        2x1d7     3%          1
b - Inner Flame           Hex/Fire       14%        N/A       13%         3

Your spell library contained the following spells:

 Spells                   Type           Power      Damage    Failure   Level
 Conjure Flame            Conj/Fire      15%        6-21      12%         3
 Sticky Flame             Conj/Fire      15%        2d4       36%         4
 Cause Fear               Hex            5%         N/A       52%         4
 Fireball                 Conj/Fire      7%         3d5       71%         5
 Animate Dead             Necr           1%         N/A       82%         4
 Freezing Cloud           Conj/Ice/Air   3%         6-21      96%         5
 Starburst                Conj/Fire      7%         6d4       99%         6
 Simulacrum               Ice/Necr       1%         N/A       100%        6
 Haunt                    Necr/Summ      1%         N/A       100%        7
 Discord                  Hex            5%         N/A       100%        8
 Ignition                 Fire           8%         3d5       100%        8
 Infestation              Necr           1%         N/A       100%        8
 Polar Vortex             Ice            1%         N/A       100%        9


Dungeon Overview and Level Annotations

Branches:
Dungeon (4/15)
 Temple: D:4-7

Altars:
Cheibriados
Hepliaklqana

Shops:
D:1 [   D:4 *


Innate Abilities, Weirdness & Mutations

Your life essence is reduced to manifest your ancestor. (-10% HP)
You are partially covered in icy blue scales. (AC +2)
You may rarely emit foul miasma when damaged in melee.
You are partially covered in sharp spines.


Message History

The scorpion barely misses you.
The foxfire hits the scorpion.
You kill the scorpion!
Your Dodging skill increases to level 3!
HP restored.
Found 10 gold pieces.
You now have 116 gold pieces (gained 10).
Found a robe.
You see here a +0 robe.
You fall into a shaft and drop 3 floors!
The shaft crumbles and collapses.
A steam dragon, a jelly and 3 orcs come into view.
Found a pair of gloves and a viscous ruby potion.
You conjure some foxfire!
The orc warrior shouts!
The orc wizard shouts!
The jelly quivers.
The orc is struck by your spines. The orc hits you but does no damage.
You conjure some foxfire!
The foxfire hits the orc.
You kill the orc!
The foxfire hits the orc warrior but does no damage.
The orc warrior hits you with a +0 flail!
The orc wizard is struck by your spines.
The orc wizard hits you with a +0 dagger.
The steam dragon breathes steam at you. The ball of steam hits you!!
Ouch! That really hurt!
* * * LOW HITPOINT WARNING * * *
You are too injured to fight recklessly!
Casting: Foxfire (safe; 3% risk of failure)
Press: ? - help, Q - select action, (/) - cycle Dir - look around, f - activate You miscast Foxfire.
You are very lightly contaminated with residual magic.
Nothing appears to happen.
You are engulfed in a cloud of scalding steam.
* * * LOW HITPOINT WARNING * * *
The foxfire hits the orc warrior.
The orc warrior is moderately wounded.
The foxfire hits the orc warrior.
The orc warrior is moderately wounded.
The orc warrior hits you with a +0 flail!!
You die...

###########
#.....o.§.#
#.....o@§§#
#...J.D)§.#
#.........#
#.!.....[.#
...........
######......
#....##.
#....# ##


You could see a steam dragon (catching breath), an orc warrior, a jelly and an
orc wizard.

Vanquished Creatures
  A scorpion (D:4)
  An iguana (D:2)
  An adder (D:2)
  A worm (D:2)
  2 dart slugs
  An orc (D:7)
  4 endoplasms
  4 goblins
  A hobgoblin (D:3)
  2 jackals (D:3)
  4 quokkas
  7 ball pythons
  8 bats
  A frilled lizard (D:1)
  6 kobolds
  4 rats
48 creatures vanquished.

Vanquished Creatures (collateral kills)
  Grinder (D:3)
  A bullfrog skeleton (D:4)
  Terence (D:3)
  An adder (D:2)
  A worm (D:3)
  2 orcs (D:3)
  2 bats
  An endoplasm (D:3)
  3 hobgoblins (D:3)
  A jackal (D:3)
  A kobold (D:3)
  A quokka (D:3)
  A frilled lizard (D:2)
  A rat (D:2)
18 creatures vanquished.

Vanquished Creatures (others)
  2 ancestors
  157 foxfires
159 creatures vanquished.

Grand Total: 225 creatures vanquished

Notes
Turn   | Place    | Note
-------+----------+-------------------------------------------
     0 | D:1      | horus123 the Demonspawn Fire Elementalist began the quest
                  | for the Orb.
     0 | D:1      | Reached XP level 1. HP: 13/13 MP: 3/3
    43 | D:1      | Found Vepiqid's Antique Armour Boutique.
   530 | D:1      | Gained mutation: You may rarely emit foul miasma when
                  | damaged in melee. [demonic ancestry]
   530 | D:1      | Reached XP level 2. HP: 19/19 MP: 0/5
   669 | D:1      | Found a faded altar of an unknown god.
   680 | D:1      | Became a worshipper of Hepliaklqana the Forgotten
   680 | D:1      | Reached * piety under Hepliaklqana
  1376 | D:2      | Gained mutation: You are partially covered in icy blue
                  | scales. (AC +2) [demonic ancestry]
  1376 | D:2      | Reached XP level 3. HP: 9/21 MP: 0/6
  1802 | D:2      | Learned a level 3 spell: Inner Flame
  1811 | D:2      | Reached XP level 4. HP: 27/27 MP: 0/7
  2107 | D:2      | Found a hazy altar of Hepliaklqana.
  2342 | D:3      | Reached skill level 1 in Hexes
  2519 | D:3      | Reached ** piety under Hepliaklqana
  2520 | D:3      | Remembered your ancestor Cyneburga as a knight
  2983 | D:3      | Found a snail-covered altar of Cheibriados.
  3319 | D:3      | Noticed Grinder
  3320 | D:3      | Noticed Terence
  3336 | D:3      | Killed Terence
  3349 | D:3      | Killed Grinder
  3350 | D:3      | Reached XP level 5. HP: 32/32 MP: 0/10
  3350 | D:3      | Gained mutation: You are partially covered in sharp spines.
                  | [demonic ancestry]
  3350 | D:3      | Reached XP level 6. HP: 37/37 MP: 0/11
  3699 | D:4      | Found Edghyhuesk's Elemental Accessories.
  3903 | D:4      | You fall into a shaft and drop 3 floors!
  3903 | D:7      | Noticed an orc warrior
  3903 | D:7      | Noticed a steam dragon
  3906 | D:7      | HP: 1/37 [steam dragon] (7)]
  3906 | D:7      | Demolished by an orc warrior

Illustrated notes

Levels and vault maps discovered:
D:1:      lightli_iron_boxes, layout_loops_cross, serial_shops,
          nicolae_lakefront_shop, hellmonk_ecumenical_altar_slurped_away
D:2:      layout_rooms, basic_altar, grunt_decor_fettered, minmay_misc_feat_chi,
          kennysheep_nondescript
D:3:      layout_basic, mainiacjoe_overflow_concentric_impassable,
          minmay_fractal_squares_gapless_5, uniq_terence, uniq_grinder
D:4:      layout_loops_ring, nicolae_elemental_shop
D:7:      layout_basic, nicolae_ru_sacrificial_ziggurat, bh_walls_and_bars,
          uniq_duvessa

Skill      XL: |  1  2  3  4  5  6 |
---------------+-------------------+-----
Stealth        | 2 |  2.8
Dodging        | 2 3 |  3.0
Fire Magic     | 3 |  3.8
Hexes          | 2 |  2.1
Spellcasting   | 3 |  3.5
Conjurations   | 2 |  2.5
Fighting       | |  0.5
Unarmed Combat | |  0.4

Action                   |  1- 3 |  4- 6 || total
-------------------------+-------+-------++-------
Melee: Unarmed           |    38 |       ||    38
 Cast: Foxfire           |    40 |    53 ||    93
Invok: Ancestor Identity |     1 |       ||     1
       Ancestor Life: Kn |       |     1 ||     1
  Use: Scroll            |     4 |     4 ||     8
 Stab: Sleeping          |     1 |       ||     1
Armor: Robe              |    16 |    28 ||    44
Dodge: Dodged            |    37 |    45 ||    82
